 Dungeon Crawl Stone Soup version 0.22.1-1-ga44c0e5 (webtiles) character file.

7865 empire the Carver (level 11, -7/92 HPs)
             Began as a Minotaur Fighter on Nov 7, 2018.
             Killed from afar by an electric eel (14 damage)
             ... with a bolt of electricity
             ... on level 6 of the Dungeon.
             The game lasted 00:26:49 (11890 turns).

empire the Carver (Minotaur Fighter)               Turns: 11890, Time: 00:26:50

Health: -7/92      AC: 14    Str: 22    XL:     11   Next: 2%
Magic:  15/15      EV:  9    Int:  5    God:
Gold:   369        SH: 11    Dex: 16    Spells: 12/12 levels left

rFire    . . .     SeeInvis .   b - +0 scimitar
rCold    . . .     Gourm    .   c - +0 shield
rNeg     + . .     Faith    .   w - +0 plate armour
rPois    .         Spirit   .   (helmet restricted)
rElec    .         Reflect  .   x - scarf {cloud immunity}
rCorr    .         Harm     .   (no gloves)
MR       +....                  (no boots)
Stlth    ..........             H - amulet of magic regeneration
HPRegen  0.25/turn              k - ring of protection from magic
MPRegen  0.39/turn              n - ring of positive energy

@: no status effects
A: retaliatory headbutt, horns 2, agile 2, blurry vision 1
a: no special abilities


You were on level 6 of the Dungeon.
You were hungry.

You visited 2 branches of the dungeon, and saw 12 of its levels.
You also visited: Bailey.

You collected 669 gold pieces.
You spent 300 gold pieces at shops.

Inventory:

Hand Weapons
 a - a +0 long sword
 b - a +0 scimitar (weapon)
 P - a +2 falchion of freezing
Armour
 c - a +0 shield (worn)
 o - a +0 pair of gloves
 w - a +0 plate armour (worn)
 x - a scarf of cloud immunity (worn)
Magical Staves
 N - an uncursed staff of air {unknown}
 O - an uncursed staff of cold {unknown}
Jewellery
 k - a ring of protection from magic (left hand)
 n - a ring of positive energy (right hand)
 v - an uncursed amulet of guardian spirit
 H - an amulet of magic regeneration (around neck)
Wands
 s - a wand of digging (17)
 z - a wand of polymorph (20)
 A - a wand of flame (38)
Scrolls
 e - 5 scrolls of remove curse
 g - 3 scrolls of amnesia
 h - 2 scrolls of enchant weapon {unknown}
 j - 5 scrolls of identify
 l - 5 scrolls of teleportation
 m - a scroll of noise {unknown}
 q - a scroll of blinking
 t - a scroll of random uselessness {unknown}
 y - 5 scrolls of fog {unknown}
 F - a scroll of acquirement {unknown}
 I - a scroll of vulnerability {unknown}
 K - a scroll of enchant armour {unknown}
 L - a scroll of immolation {unknown}
 M - a scroll of magic mapping
Potions
 d - 7 potions of might
 i - 8 potions of degeneration
 p - a potion of haste
 r - 2 potions of flight
 u - 5 potions of magic
 B - 2 potions of cancellation {unknown}
 C - 2 potions of agility
 D - 2 potions of curing
 E - 5 potions of mutation
 G - 2 potions of heal wounds
Miscellaneous
 J - a phial of floods
Comestibles
 f - 24 rations


   Skills:
 - Level 7.0 Fighting
 + Level 11.3 Long Blades
 + Level 9.0 Armour
 - Level 7.0 Dodging
 - Level 7.0 Shields
 - Level 1.0 Spellcasting
 - Level 7.0 Evocations


You had 12 spell levels left.
You didn't know any spells.
Your spell library contained the following spells:

 Spells                   Type           Power        Failure   Level  Hunger
 Confusing Touch          Hex            #.....       100%        1    ##.....
 Summon Butterflies       Summ           #.......     100%        1    ##.....
 Call Canine Familiar     Summ           #.......     100%        3    ####...
 Confuse                  Hex            #.......     100%        3    ####...
 Gell's Gravitas          Tloc           #.........   100%        3    ####...
 Petrify                  Tmut/Erth      #.......     100%        4    #####..
 Summon Ice Beast         Ice/Summ       #.......     100%        4    #####..
 Metabolic Englaciation   Hex/Ice        #.........   100%        5    ######.
 Summon Mana Viper        Hex/Summ       #.......     100%        5    ######.
 Yara's Violent Unravell  Hex/Tmut       #.........   100%        5    ######.
 Summon Hydra             Summ           #.........   100%        7    #######


Dungeon Overview and Level Annotations

Branches:
Dungeon (11/15)            Temple (1/1) D:4            Lair (0/6) D:9
    Orc (0/2) D:10

Altars:
Ashenzari
Dithmenos
Elyvilon
Fedhas
Gozag
Hepliaklqana
Kikubaaqudgha
Makhleb
Nemelex Xobeh
Okawaru
Qazlal
Ru
Sif Muna
Trog
Uskayaw
Vehumet
Wu Jian
Xom
Yredelemnul
Zin
The Shining One

Shops:
D:6 *   D:7 *


Innate Abilities, Weirdness & Mutations

You reflexively headbutt those who attack you in melee.
You have a pair of horns on your head.
You are very agile. (Dex +4)
Scrolls take you a little longer to read.


Message History

The bolt of electricity hits you!
Your shield and plate armour prevent you from hitting the electric eel.
The electric eel shoots out a bolt of lightning at you!
The bolt of electricity hits the electric eel.
The electric eel completely resists.
The bolt of electricity hits you! x2
You slash the electric eel! Your headbutt misses the electric eel.
The electric eel is severely wounded.
You hit the electric eel but do no damage.
The electric eel is severely wounded.
The electric eel shoots out a bolt of lightning at you!
The bolt of electricity hits the electric eel.
The electric eel completely resists.
The bolt of electricity hits you!
* * * LOW HITPOINT WARNING * * *
The bolt of electricity hits you!
* * * LOW HITPOINT WARNING * * *
The electric eel shoots out a bolt of lightning at you!
The bolt of electricity hits you!
* * * LOW HITPOINT WARNING * * *
The bolt of electricity hits you!
You die...

≈P≈≈♣♣♣≈≈♣
≈≈≈P≈≈PP≈♣≈♣#
≈≈≈≈≈≈≈≈♣≈≈≈≈#
≈≈≈≈≈≈≈≈♣≈≈≈≈≈♣
≈≈≈≈≈≈≈≈≈≈≈≈P≈P♣♣#
≈≈≈≈≈≈≈≈≈≈≈≈P≈≈♣≈#
≈≈≈≈≈≈≈≈≈;≈≈≈#
≈≈≈≈≈≈P≈≈≈≈≈♣;;.#
≈≈≈≈≈≈≈P♣P≈≈♣♣#@##
P≈≈≈≈ ≈≈≈≈P≈###.#
≈≈P≈ ≈≈♣ ♣≈.#.##
♣≈≈♣P≈≈ ###.##
♣≈♣♣♣♣≈# ##.#.#
........####....#
........'.......#####
........###.........#
.......# #.#.#.###.#


You could see 3 electric eels.

Vanquished Creatures
  An orc knight (Bailey)
  3 trolls
  A hippogriff (D:8)
  Sigmund (D:4)
  2 yaks (D:10)
  2 wyverns
  Grum (D:10)
  A swamp drake (D:10)
  4 ice beasts
  Duvessa (D:4)
  2 phantoms (D:4)
  6 orc warriors
  A sky beast (D:7)
  A black bear (D:7)
  2 wolves (D:10)
  2 necrophages
  8 ogres
  5 centaurs
  2 bullfrogs (D:10)
  3 scorpions
  Dowan (D:4)
  11 killer bees
  3 howler monkeys
  4 jellies
  A lava snake (D:9)
  2 bullfrog zombies
  6 crimson imps
  5 hounds
  An iron imp (D:6)
  A bullfrog skeleton (D:5)
  3 orc priests
  A centaur skeleton (D:8)
  Jessica (D:3)
  An iguana (D:6)
  Ijyb (D:4)
  14 orc wizards
  7 worker ants
  A killer bee zombie (D:8)
  A hound zombie (D:6)
  3 worker ant zombies
  13 adders
  13 gnolls (Bailey)
  2 shadow imps
  2 oozes
  2 adder skeletons
  2 worms
  A dart slug (D:4)
  3 leopard geckos
  38 orcs
  A ball python (D:3)
  5 giant cockroaches
  9 goblins
  21 hobgoblins
  2 jackals (D:3)
  15 kobolds
  5 quokkas
  7 bats
  A frilled lizard (D:3)
  9 rats
  A plant (D:10)
269 creatures vanquished.

Vanquished Creatures (others)
  2 orcs
2 creatures vanquished.

Grand Total: 271 creatures vanquished

Notes
Turn   | Place    | Note
-------+----------+-------------------------------------------
     0 | D:1      | empire the Minotaur Fighter began the quest for the Orb.
     0 | D:1      | Reached XP level 1. HP: 19/19 MP: 0/0
   119 | D:1      | Reached XP level 2. HP: 21/27 MP: 1/1
   201 | D:1      | Reached skill level 3 in Long Blades
   271 | D:1      | You fall through a shaft!
   291 | D:2      | Reached XP level 3. HP: 30/33 MP: 2/2
   639 | D:3      | Reached skill level 4 in Long Blades
   639 | D:3      | Reached XP level 4. HP: 33/40 MP: 3/3
   803 | D:3      | Noticed Jessica
   818 | D:3      | Killed Jessica
   875 | D:2      | Reached XP level 5. HP: 37/47 MP: 4/4
  1006 | D:2      | Found a stormy altar of Qazlal.
  1885 | D:4      | Reached skill level 5 in Long Blades
  2194 | D:4      | Reached XP level 6. HP: 55/55 MP: 5/5
  2339 | D:4      | Noticed Duvessa
  2340 | D:4      | Noticed Dowan
  2368 | D:4      | Killed Dowan
  2368 | D:4      | Reached skill level 5 in Fighting
  2368 | D:4      | Reached skill level 5 in Shields
  2373 | D:4      | Killed Duvessa
  2373 | D:4      | Reached skill level 6 in Long Blades
  2373 | D:4      | Reached skill level 5 in Armour
  2660 | D:4      | Noticed Ijyb
  2673 | D:4      | Killed Ijyb
  2698 | D:4      | Reached skill level 7 in Long Blades
  2698 | D:4      | Reached XP level 7. HP: 49/61 MP: 6/6
  2726 | D:4      | Noticed Sigmund
  2735 | D:4      | Killed Sigmund
  2737 | D:4      | Found a staircase to the Ecumenical Temple.
  2752 | Temple   | Entered the Ecumenical Temple
  3025 | D:4      | Reached skill level 8 in Long Blades
  3174 | D:5      | Entered Level 5 of the Dungeon
  3315 | D:5      | Reached skill level 9 in Long Blades
  3336 | D:5      | Reached skill level 1 in Dodging
  3405 | D:5      | Reached XP level 8. HP: 64/68 MP: 7/7
  3458 | D:5      | Noticed a troll
  3467 | D:5      | Killed a troll
  3959 | D:6      | Found Tarph's General Store.
  3987 | D:6      | Bought a potion of magic for 120 gold pieces
  3987 | D:6      | Bought a scroll of teleportation for 45 gold pieces
  3987 | D:6      | Bought a wand of polymorph (7) for 135 gold pieces
  4024 | D:6      | Gained mutation: Scrolls take you a little longer to read.
                  | [potion of mutation]
  4024 | D:6      | Gained mutation: You are agile. (Dex +2) [potion of
                  | mutation]
  4024 | D:6      | Gained mutation: You are very agile. (Dex +4) [potion of
                  | mutation]
  4035 | D:6      | HP: 3/70 [poisoned by an orc wizard]
  5057 | D:6      | Reached skill level 5 in Dodging
  5057 | D:6      | Reached XP level 9. HP: 39/77 MP: 8/8
  5740 | D:7      | Found Ahagoon's Alliterative Accessories.
  6935 | D:8      | Reached skill level 1 in Evocations
  6946 | D:8      | Reached skill level 10 in Long Blades
  7831 | D:9      | Reached XP level 10. HP: 45/86 MP: 12/12
  8219 | D:9      | Reached skill level 5 in Evocations
  8256 | D:9      | Found a flagged portal.
  8269 | Bailey   | Entered a bailey
  8514 | Bailey   | Noticed an orc knight
  8571 | Bailey   | Killed an orc knight
  9095 | D:9      | Noticed a deep elf knight
  9714 | D:9      | Found a staircase to the Lair.
 10046 | D:10     | Entered Level 10 of the Dungeon
 10095 | D:10     | Reached skill level 1 in Spellcasting
 10466 | D:10     | Noticed Grum
 10478 | D:10     | Killed Grum
 10795 | D:10     | Found a staircase to the Orcish Mines.
 10856 | D:10     | Reached skill level 11 in Long Blades
 11451 | D:11     | Reached XP level 11. HP: 21/92 MP: 15/15
 11890 | D:6      | Killed from afar by an electric eel

Skill      XL: |  1  2  3  4  5  6  7  8  9 10 |
---------------+-------------------------------+-----
Long Blades    | 3 4 5 7 9 10 11 | 11.3
Fighting       | 4 5 6 7 |  7.0
Armour         | 4 5 6 7 9 |  9.0
Shields        | 4 5 6 7 |  7.0
Dodging        | 2 5 7 |  7.0
Evocations     | 4 7 |  7.0
Spellcasting   | 1 |  1.0

Action                   |  1- 3 |  4- 6 |  7- 9 | 10-12 || total
-------------------------+-------+-------+-------+-------++-------
Melee: Long sword        |    57 |   193 |   327 |       ||   577
       Headbutt          |    11 |    41 |    88 |    71 ||   211
       Scimitar          |       |       |    35 |   305 ||   340
Evoke: Wand              |       |       |       |    14 ||    14
  Use: Scroll            |       |       |     4 |     5 ||     9
       Potion            |       |       |     4 |     8 ||    12
  Eat: Chunk             |       |     6 |    17 |    12 ||    35
Armor: Scale mail        |    29 |     7 |       |       ||    36
       Chain mail        |       |   109 |   141 |    55 ||   305
       Plate armour      |       |       |       |    58 ||    58
       Skin              |       |       |       |    30 ||    30
Dodge: Dodged            |    18 |    45 |   119 |   140 ||   322
Block: Shield            |    21 |   118 |   233 |   258 ||   630
       Rpst.: Long sword |     2 |     8 |    26 |       ||    36
       Scimitar          |       |       |    11 |    28 ||    39
